 Dungeon Crawl Stone Soup version 0.19-a0-1097-g38e3b35 (webtiles) character file.

234 seren the Slasher (level 6, -3/70 HPs)
             Began as a Formicid Abyssal Knight on Aug 8, 2016.
             Was a Priest of Lugonu.
             Slain by an iguana (6 damage)
             ... on level 4 of the Dungeon.
             The game lasted 00:13:07 (3755 turns).

seren the Slasher (Formicid Abyssal Knight)         Turns: 3755, Time: 00:13:08

Health: -3/70      AC: 23    Str: 16    XL:     6   Next: 26%
Magic:  7/7        EV:  2    Int: 12    God:    Lugonu [***...]
Gold:   142        SH:  0    Dex: 12    Spells: 0 memorised, 5 levels left

rFire  . . .     SeeInvis .     a - +1 falchion
rCold  + . .     Gourm    .     (armour currently unavailable)
rNeg   + + +     Faith    .     (no shield)
rPois  +         Spirit   .     (helmet unavailable)
rElec  .         Dismiss  .     (cloak currently unavailable)
rCorr  .         Reflect  .     (gloves currently unavailable)
SustAt .         Harm     .     (boots currently unavailable)
MR     .....                    (no amulet)
Stlth  +.........               (no ring)
                                l - ring of protection from cold

@: tree-form
A: permanent stasis, dig shafts and tunnels, four strong arms, (antennae 0)
a: Depart the Abyss, Bend Space, Banish, Renounce Religion


You were on level 4 of the Dungeon.
You worshipped Lugonu.
Lugonu was most pleased with you.
You were not hungry.
You were a tree.
You visited 1 branch of the dungeon, and saw 4 of its levels.
You visited the Abyss 1 time.

You collected 142 gold pieces.

Inventory:

Hand Weapons
 a - a +1 falchion (weapon)
 t - a +1 dagger of speed
Missiles
 m - 94 stones (quivered)
 y - a throwing net
Armour
 g - a +0 ring mail
 u - a steam dragon hide
 w - a +0 troll leather armour (melded)
Jewellery
 l - a ring of protection from cold (left branch)
 p - an uncursed ring of fire
 q - an uncursed amulet of the gourmand {unknown}
Wands
 D - a wand of random effects (28/48)
Scrolls
 b - a scroll of noise {unknown}
 d - 3 scrolls of identify {unknown}
 e - a scroll of magic mapping {unknown}
 h - 2 scrolls of random uselessness {unknown}
 j - 2 scrolls of remove curse {unknown}
 k - a scroll of fog {unknown}
Potions
 f - a potion of cure mutation {unknown}
 i - a potion of curing {unknown}
 r - a potion of ambrosia {unknown}
 s - a potion of haste {unknown}
 v - a potion of agility {unknown}
 A - a potion of might {unknown}
 B - a potion of flight {unknown}
 C - a potion of degeneration {unknown}
Comestibles
 c - 4 bread rations
 o - 4 meat rations
 x - 2 chunks of flesh
 z - a beef jerky


   Skills:
 + Level 3.2 Fighting
 - Level 6.1 Long Blades
 - Level 2.1 Armour
 - Level 0.8 Dodging
 - Level 2.1 Invocations


You had 5 spell levels left.
You didn't know any spells.

Dungeon Overview and Level Annotations

Branches:
Dungeon (4/15)
 Temple: D:4-7

Altars:
Nemelex Xobeh
Qazlal

Annotations:
D:3 crazy yuif


Innate Abilities, Weirdness & Mutations

You are under a permanent stasis effect.
You can dig through walls and to a lower floor.
Your four strong arms can wield two-handed weapons with a shield.
((You have a pair of large antennae on your head. (SInv)))


Message History

You turn into a tree.
Your +0 troll leather armour melds into your body.
Your roots penetrate the ground.
The iguana bites you but does no damage.
The iguana bites you!
* * * LOW HITPOINT WARNING * * *
You hit the iguana.
The iguana is almost dead.
The iguana bites you.
* * * LOW HITPOINT WARNING * * *
You hit the iguana but do no damage.
The iguana is almost dead.
The iguana bites you but does no damage.
The iguana bites you but does no damage.
The iguana bites you.
* * * LOW HITPOINT WARNING * * *
You barely miss the iguana.
The iguana is almost dead.
The iguana bites you.
You die...

#.. #.. #..l #.. #
#..{###.. ## #......# .#
#......# .## ##.....#
.)# ##......###
.#####....#....#######.#
.##.......#....l♣.....#
...............########
.............###
.............#
.............#
.............#
.[...........#
..............#
...............#


You could see an iguana.

Vanquished Creatures
  A centaur skeleton (D:3)
  An iguana (D:4)
  A worker ant (D:4)
  4 gnolls (D:3)
  2 adders
  5 dart slugs
  2 worms
  3 giant geckos
  An orc (D:3)
  A ball python (D:3)
  10 bats
  4 giant cockroaches
  15 goblins
  7 hobgoblins
  4 jackals (D:2)
  3 giant newts
  5 kobolds
  A quokka skeleton (D:4)
  14 rats
84 creatures vanquished.

Notes
Turn   | Place    | Note
-------+----------+-------------------------------------------
     0 | Abyss:1  | seren the Formicid Abyssal Knight began the quest for the Orb.
     0 | Abyss:1  | Reached XP level 1. HP: 18/18 MP: 2/2
    71 | Abyss:1  | Found a corrupted altar of Lugonu.
   100 | Abyss:1  | Noticed a neqoxec
   101 | D:1      | Escaped the Abyss
   179 | D:1      | Reached XP level 2. HP: 24/24 MP: 3/3
   264 | D:1      | Reached * piety under Lugonu
   322 | D:1      | Reached skill level 3 in Long Blades
   537 | D:1      | Reached XP level 3. HP: 29/29 MP: 4/4
  1236 | D:2      | Found a stormy altar of Qazlal.
  1268 | D:2      | Reached XP level 4. HP: 20/35 MP: 5/5
  1422 | D:2      | Reached skill level 4 in Long Blades
  1487 | D:2      | Reached ** piety under Lugonu
  2237 | D:2      | Found a sparkling altar of Nemelex Xobeh.
  2553 | D:3      | Reached XP level 5. HP: 41/41 MP: 6/6
  2580 | D:3      | Reached skill level 5 in Long Blades
  3035 | D:3      | Reached *** piety under Lugonu
  3349 | D:4      | Reached XP level 6. HP: 31/47 MP: 7/7
  3633 | D:4      | Reached skill level 6 in Long Blades
  3754 | D:4      | HP: 3/70 [iguana (6)]
  3755 | D:4      | Slain by an iguana

Vault maps used:
D:1:      dpeg_arrival_ratfight
D:2:      nemelex_altar_shiori, nicolae_qazlal_general_emergency,
          kennysheep_generic_room_8
D:3:      first_bread, uniq_crazy_yiuf_cottage

Skill      XL: |  1  2  3  4  5  6 |
---------------+-------------------+-----
Long Blades    | 3 4 5 6 |  6.1
Fighting       | |  3.2
Armour         | |  2.1
Dodging        | |  0.8
Invocations    | |  2.1

Action                   |  1- 3 |  4- 6 || total
-------------------------+-------+-------++-------
Melee: Falchion          |   139 |   202 ||   341
Invok: Depart the Abyss  |     1 |       ||     1
  Use: Potion            |       |     2 ||     2
  Eat: Chunk             |       |     9 ||     9
Armor: Ring mail         |    43 |    19 ||    62
       Leather armour    |     1 |       ||     1
       Troll leather arm |       |     9 ||     9
       Skin              |       |     5 ||     5
Dodge: Dodged            |    66 |    81 ||   147
